 Dungeon Crawl Stone Soup version 0.24.0-37-gcf1ca852f1 (webtiles) character file.

Game seed: 10918050436496792159, levelgen mode: deterministic

57666 sciencifying the Crack Shot (level 14, -8/133 HPs)
             Began as a Centaur Hunter on Dec 1, 2019.
             Was a High Priest of Okawaru.
             Killed from afar by Jorgrun (24 damage)
             ... with an iron shot
             ... while petrified by Jorgrun
             ... on level 12 of the Dungeon on Dec 2, 2019.
             The game lasted 01:17:39 (32704 turns).

sciencifying the Crack Shot (Centaur Hunter)       Turns: 32704, Time: 01:17:40

Health: -8/133     AC: 24    Str: 19    XL:     14   Next: 46%
Magic:  14/14      EV: -2    Int: 10    God:    Okawaru [*****.]
Gold:   1397       SH:  0    Dex: 11    Spells: 13/13 levels left

rFire    + . .     SeeInvis .   a - +2 shortbow (freeze)
rCold    + . .     Gourm    .   (shield currently unavailable)
rNeg     + + +     Faith    .   W - +7 plate armour "Disur" {rC+}
rPois    ∞         Spirit   .   k - +0 helmet
rElec    .         Reflect  .   H - +2 cloak {+Inv}
rCorr    .         Harm     .   T - +0 pair of gloves
MR       +....                  t - +0 centaur barding {rF+}
Stlth    ..........             A - amulet of the acrobat
HPRegen  0.32/turn              m - +3 ring of evasion
MPRegen  0.14/turn              E - +4 ring of evasion

@: petrified, grasped by roots, constricted, very quick
A: large, hooves 3, deformed body, speed 2, tough skin 3
a: Heroism, Finesse, Renounce Religion, Evoke Invisibility


You were on level 12 of the Dungeon.
You worshipped Okawaru.
Okawaru was extremely pleased with you.
You were not hungry.

You visited 3 branches of the dungeon, and saw 20 of its levels.
You also visited: Bailey.

You collected 1397 gold pieces.

Inventory:

Hand Weapons
 a - a +2 shortbow of freezing (weapon)
 b - the +2 great sword of Eternal War {flame, rN+ Dex+3 SInv}
   (You found it on level 11 of the Dungeon)

   It has been specially enchanted to burn those struck by it, causing extra
   injury to most foes and up to half again as much damage against particularly
   susceptible opponents.
   Big, fiery blades are also staple armaments of hydra-hunters.
   It affects your dexterity (+3).
   It protects you from negative energy.
   It lets you see invisible.
Missiles
 d - 3 arrows (quivered)
Armour
 k - a +0 helmet (worn)
 t - a +0 centaur barding of fire resistance (worn)
 H - a +2 cloak of invisibility (worn)
 T - a +0 pair of gloves (worn)
 W - the +7 plate armour "Disur" (worn) {rC+}
   (You found it on level 12 of the Dungeon)

   It protects you from cold.
Jewellery
 m - a +3 ring of evasion (left hand)
 A - an amulet of the acrobat (around neck)
 E - a +4 ring of evasion (right hand)
Wands
 u - a wand of disintegration (5)
 x - a wand of flame (23)
 z - a wand of paralysis (11)
 C - a wand of polymorph (12)
 M - a wand of random effects (18)
 Q - a wand of iceblast (14)
 V - a wand of clouds (5)
Scrolls
 g - 5 scrolls of enchant weapon
 h - 2 scrolls of immolation
 i - 7 scrolls of teleportation
 q - 2 scrolls of fog
 v - a scroll of blinking {unknown}
 w - 9 scrolls of remove curse
 y - 3 scrolls of enchant armour
 D - 2 scrolls of summoning
 G - 2 scrolls of amnesia
 K - 2 scrolls of holy word {unknown}
 O - 5 scrolls of magic mapping
 P - a scroll of fear {unknown}
 S - a scroll of torment {unknown}
 U - a scroll of acquirement {unknown}
Potions
 c - a potion of cancellation
 e - 10 potions of curing
 j - a potion of might
 l - 2 potions of agility
 o - 3 potions of heal wounds
 p - 2 potions of haste
 s - 3 potions of mutation
 B - a potion of brilliance
 F - 7 potions of berserk rage
 I - a potion of ambrosia
 J - a potion of lignification
 L - 3 potions of flight
 R - 2 potions of magic {unknown}
Comestibles
 f - 35 rations


   Skills:
 + Level 14.5 Fighting
 * Level 24.1 Bows
 + Level 0.5 Armour
 + Level 1.6 Dodging
 - Level 0.4 Stealth


You had 13 spell levels left.
You didn't know any spells.
Your spell library contained the following spells:

 Spells                   Type           Power        Failure   Level  Hunger
 Animate Skeleton         Necr           N/A          100%        1    ##.....
 Apportation              Tloc           #.....       100%        1    ##.....
 Confusing Touch          Hex            #.....       100%        1    ##.....
 Corona                   Hex            #......      100%        1    ##.....
 Freeze                   Ice            #...         100%        1    ##.....
 Magic Dart               Conj           #...         100%        1    ##.....
 Summon Butterflies       Summ           #.......     100%        1    ##.....
 Summon Small Mammal      Summ           #...         100%        1    ##.....
 Blink                    Tloc           N/A          100%        2    ###....
 Call Imp                 Summ           #.......     100%        2    ###....
 Ensorcelled Hibernation  Hex/Ice        #.....       100%        2    ###....
 Slow                     Hex            #.......     100%        2    ###....
 Throw Frost              Conj/Ice       #.....       100%        2    ###....
 Call Canine Familiar     Summ           #.......     100%        3    ####...
 Confuse                  Hex            #.......     100%        3    ####...
 Conjure Flame            Conj/Fire      #.......     100%        3    ####...
 Dazzling Spray           Conj/Hex       #.....       100%        3    ####...
 Ignite Poison            Fire/Tmut/Pois #.......     100%        3    ####...
 Mephitic Cloud           Conj/Pois/Air  #.......     100%        3    ####...
 Ozocubu's Armour         Chrm/Ice       #.......     100%        3    ####...
 Tukima's Dance           Hex            #.......     100%        3    ####...
 Summon Ice Beast         Ice/Summ       #.......     100%        4    #####..
 Throw Icicle             Conj/Ice       #.......     100%        4    #####..
 Fireball                 Conj/Fire      #.........   100%        5    ######.
 Summon Mana Viper        Hex/Summ       #.......     100%        5    ######.
 Bolt of Fire             Conj/Fire      #.........   100%        6    #######
 Ring of Flames           Chrm/Fire      #.........   100%        7    #######
 Summon Hydra             Summ           #.........   100%        7    #######
 Ignition                 Fire           #.........   100%        8    #######


Dungeon Overview and Level Annotations

Branches:
Dungeon (13/15)            Temple (1/1) D:6            Lair (6/6) D:11
 Shoals (0/4) Lair:2        Snake (0/4) Lair:2        Slime (0/5) Lair:6
    Orc (0/2) D:12         Bailey (visited)
 Vaults: D:13-14

Altars:
Ashenzari
Cheibriados
Dithmenos
Elyvilon
Fedhas
Gozag
Hepliaklqana
Kikubaaqudgha
Makhleb
Nemelex Xobeh
Okawaru
Qazlal
Ru
Sif Muna
Trog
Uskayaw
Vehumet
Wu Jian
Xom
Yredelemnul
Zin
The Shining One

Shops:
D:5 %   D:12 :

Portals:
Hell: Lair:6

Annotations:
D:8 3 runed translucent doors, PentaManta's ghost, novice OpBe
D:12 Jorgrun
D:13 Erolcha
Lair:3 1 runed translucent door, Yjeari's ghost, journeyman GrMo


Innate Abilities, Weirdness & Mutations

You have hooves in place of feet.
Armour fits poorly on your strangely shaped body.
You cover ground very quickly.
You have extremely tough skin. (AC +3)


Message History

Roots burst forth from the earth!
The grasping roots grab you! The grasping roots constrict you!
Jorgrun points at you and mumbles some strange words.
You struggle to resist.
The grasping roots constrict you. The grasping roots constrict you!
Jorgrun gestures at you while chanting.
The metal wall shatters!
The blast of metal fragments hits you!!!
* * * LOW HITPOINT WARNING * * *
x2 The grasping roots constrict you!
Jorgrun mutters some incantations to himself.
Jorgrun gestures at you while chanting.
The metal wall shatters!
The blast of metal fragments hits you!!
* * * LOW HITPOINT WARNING * * *
The grasping roots constrict you. The grasping roots constrict you.
Jorgrun gestures at you while chanting. The iron shot hits you!!!
You die...

...............#.#........#
..).....)....#.#!#.......##
.)....)......#.#!#...(....#
.............#.'!#........#
##################........#
#.#...#...###..g.......#
####.###......##..........#
..........##...##........##
......##...##...@#......##
....######.###.#..#######
....### #..##.##....#
......#####.##.#####.#
.###....# #.##....##.# ##
#..#.###.#####.##.#
.####.......#####..#.####
∩....)................[.#
#######....#.######.###[##


You could see Jorgrun.

Vanquished Creatures
  2 entropy weavers
  Snorg (D:11)
  Josephine (D:10)
  Fannar (D:10)
  3 hydras
  2 two-headed ogres
  3 catoblepae
  A queen ant (Lair:6)
  A death yak (Lair:6)
  4 skeletal warriors
  A sixfirhy (Lair:6)
  The ghost of Delamore the Cleaver, a novice HOFi of Okawaru (D:12)
  A wizard (Lair:6)
  A lindwurm (Lair:5)
  An ugly thing (D:12)
  An orc knight (Bailey)
  A cyclops (D:11)
  9 elephants
  Joseph (D:8)
  5 black mambas
  An orange demon (Lair:6)
  5 spiny frogs
  6 komodo dragons
  10 rime drakes
  A hellwing (Lair:6)
  3 ice devils (Lair:6)
  A red devil (Lair:6)
  2 polar bears (Lair:6)
  Prince Ribbit (D:6)
  2 trolls
  10 blink frogs
  Grinder (D:3)
  5 slime creatures (D:13)
  5 dream sheep (Lair:4)
  17 hippogriffs
  Sigmund (D:3)
  22 yaks
  A spriggan (D:7)
  A shadow (D:10)
  4 wraiths (D:10)
  7 wyverns
  A steam dragon (D:11)
  A water elemental (D:12)
  2 hungry ghosts (D:12)
  2 basilisks (Lair:6)
  Eustachio (D:6)
  Menkaure (D:6)
  4 nagas (Lair:2)
  22 soldier ants
  15 water moccasins
  Duvessa (D:6)
  9 porcupines
  7 hell hounds (Lair:6)
  2 hornet zombies
  4 black bears
  9 ice beasts
  A swamp drake (D:12)
  A necrophage (D:13)
  8 orc warriors
  2 phantoms
  3 sky beasts
  4 wolves (Lair:1)
  2 ogres
  7 centaurs
  12 crocodiles
  2 big kobolds
  12 bullfrogs
  Dowan (D:6)
  2 wyvern zombies (D:7)
  3 scorpions
  A killer bee (D:12)
  5 electric eels
  7 wights
  4 crimson imps
  2 bullfrog zombies
  6 hounds
  2 jellies (D:12)
  A centaur zombie (D:8)
  10 orc priests
  3 bullfrog skeletons
  An iron imp (D:6)
  13 orc wizards
  2 iguanas
  30 worker ants
  7 hell rats (Lair:6)
  A killer bee zombie (D:8)
  A hound zombie (D:8)
  A hound skeleton (D:9)
  A mummy (D:8)
  2 worker ant zombies
  16 gnolls
  A howler monkey skeleton (D:10)
  11 adders
  3 shadow imps
  An adder zombie (D:5)
  2 adder skeletons
  4 worms
  A dart slug (D:3)
  4 leopard geckos
  52 orcs
  A ball python (D:9)
  5 giant cockroaches
  18 goblins
  26 hobgoblins
  10 jackals
  7 quokkas
  7 bats
  8 frilled lizards
  2 goblin zombies (D:8)
  28 kobolds
  A quokka skeleton (D:4)
  9 rats
605 creatures vanquished.

Vanquished Creatures (others)
  A centaur zombie (D:13)
  An orc (D:10)
  2 bushes
  15 fungi
  10 plants
29 creatures vanquished.

Grand Total: 634 creatures vanquished

Notes
Turn   | Place    | Note
-------+----------+-------------------------------------------
     0 | D:1      | sciencifying the Centaur Hunter began the quest for the
                  | Orb.
     0 | D:1      | Reached XP level 1. HP: 17/17 MP: 1/1
   335 | D:1      | Reached XP level 2. HP: 24/24 MP: 2/2
   451 | D:1      | Reached skill level 6 in Bows
   616 | D:2      | Noticed a wight
   679 | D:1      | Killed a wight
   679 | D:1      | Reached XP level 3. HP: 30/30 MP: 3/3
   880 | D:1      | Reached skill level 7 in Bows
   880 | D:1      | Reached XP level 4. HP: 38/38 MP: 4/4
   955 | D:2      | Reached XP level 5. HP: 41/45 MP: 5/5
   996 | D:2      | Found a radiant altar of Vehumet.
  1993 | D:2      | Found a shattered altar of Ashenzari.
  2161 | D:3      | Reached skill level 8 in Bows
  2540 | D:3      | Noticed Grinder
  2620 | D:3      | Noticed Sigmund
  3668 | D:4      | Reached XP level 6. HP: 37/52 MP: 6/6
  3798 | D:4      | Noticed an ice beast
  3806 | D:4      | Killed an ice beast
  3806 | D:4      | Reached skill level 9 in Bows
  4805 | D:5      | Entered Level 5 of the Dungeon
  4823 | D:5      | Reached XP level 7. HP: 57/60 MP: 7/7
  4926 | D:5      | Found an ancient bone altar of Kikubaaqudgha.
  5122 | D:5      | Reached skill level 10 in Bows
  5368 | D:5      | Found Jumm's Food Shoppe.
  5401 | D:5      | Reached skill level 5 in Fighting
  6049 | D:5      | Found a shadowy altar of Dithmenos.
  6110 | D:6      | Found a staircase to the Ecumenical Temple.
  6446 | D:6      | Reached skill level 11 in Bows
  6552 | D:6      | Reached XP level 8. HP: 62/70 MP: 8/8
  6768 | Temple   | Entered the Ecumenical Temple
  7030 | D:6      | Noticed Duvessa
  7030 | D:6      | Noticed Dowan
  7057 | D:6      | Killed Duvessa
  7207 | D:6      | Killed Dowan
  7273 | D:5      | Reached skill level 12 in Bows
  7483 | D:6      | Noticed Menkaure
  7483 | D:6      | Noticed Prince Ribbit
  7683 | D:6      | Found an ancient bone altar of Kikubaaqudgha.
  7752 | D:6      | Killed Menkaure
  7769 | D:6      | Noticed Eustachio
  7778 | D:6      | Killed Eustachio
  7913 | D:6      | Killed Prince Ribbit
  7913 | D:6      | Reached skill level 13 in Bows
  8275 | D:6      | Found a snail-covered altar of Cheibriados.
  8363 | D:6      | Reached XP level 9. HP: 79/79 MP: 9/9
  9066 | D:3      | Paralysed by Grinder for 6 turns
  9089 | D:3      | Killed Grinder
  9565 | D:3      | Killed Sigmund
 10090 | D:7      | Reached skill level 14 in Bows
 10974 | D:7      | Found an iron altar of Okawaru.
 10989 | D:7      | Became a worshipper of Warmaster Okawaru
 11554 | D:8      | Found an iron altar of Okawaru.
 11584 | D:8      | Noticed Joseph
 11861 | D:8      | Killed Joseph
 11861 | D:8      | Reached skill level 15 in Bows
 12149 | D:8      | Reached XP level 10. HP: 90/90 MP: 10/10
 12235 | D:8      | Reached * piety under Okawaru
 12249 | D:8      | Found a bloodstained altar of Trog.
 12678 | D:8      | Found a runed translucent gate.
 12679 | D:8      | Found a runed translucent gate.
 12680 | D:8      | Found a runed translucent gate.
 12681 | D:8      | Found an opulent altar of Gozag.
 12682 | D:8      | Noticed PentaManta's ghost (novice OpBe)
 12869 | D:9      | Noticed a two-headed ogre
 12904 | D:9      | Killed a two-headed ogre
 12994 | D:9      | Reached skill level 16 in Bows
 13009 | D:9      | Reached ** piety under Okawaru
 13289 | D:9      | Found a sacrificial altar of Ru.
 13516 | D:9      | Found a basalt altar of Yredelemnul.
 13520 | D:9      | Found a shimmering blue altar of Sif Muna.
 13630 | D:10     | Entered Level 10 of the Dungeon
 13975 | D:10     | Noticed a two-headed ogre
 13995 | D:10     | Killed a two-headed ogre
 13995 | D:10     | Reached *** piety under Okawaru
 13995 | D:10     | Reached skill level 17 in Bows
 14281 | D:10     | Reached skill level 10 in Fighting
 14379 | D:10     | Noticed Josephine
 14394 | D:10     | Reached XP level 11. HP: 97/99 MP: 11/11
 14407 | D:10     | Killed Josephine
 14407 | D:10     | Reached **** piety under Okawaru
 14707 | D:10     | Received a gift from Okawaru
 15501 | D:11     | Reached skill level 18 in Bows
 15535 | D:11     | Noticed Snorg
 15537 | D:11     | Got a shimmering great sword
 15718 | D:11     | Noticed Fannar
 15768 | D:10     | Killed Fannar
 16020 | D:10     | Received a gift from Okawaru
 16219 | D:11     | Killed Snorg
 16346 | D:11     | Found a staircase to the Lair.
 16499 | D:11     | Identified the cursed +2 great sword of Eternal War {flame,
                  | rN+ Dex+3 SInv} (You found it on level 11 of the Dungeon)
 16540 | Lair:1   | Entered Level 1 of the Lair of Beasts
 16753 | Lair:1   | Reached ***** piety under Okawaru
 17921 | Lair:2   | Reached skill level 19 in Bows
 18775 | Lair:2   | Found an ancient bone altar of Kikubaaqudgha.
 18862 | Lair:2   | Found a staircase to the Snake Pit.
 18943 | Lair:2   | Received a gift from Okawaru
 19059 | Lair:1   | Reached XP level 12. HP: 51/110 MP: 12/12
 19799 | Lair:2   | Found a staircase to the Shoals.
 20157 | Lair:3   | Found a blossoming altar of Fedhas.
 20190 | Lair:3   | Reached skill level 20 in Bows
 20394 | Lair:3   | Found a runed translucent door.
 20394 | Lair:3   | Noticed Yjeari's ghost (journeyman GrMo)
 22103 | Lair:5   | Reached skill level 21 in Bows
 22204 | Lair:5   | Received a gift from Okawaru
 22972 | Lair:6   | Entered Level 6 of the Lair of Beasts
 23079 | Lair:6   | Reached XP level 13. HP: 112/119 MP: 13/13
 23226 | Lair:6   | Received a gift from Okawaru
 23386 | Lair:6   | Received a gift from Okawaru
 23845 | Lair:6   | Reached skill level 22 in Bows
 23846 | Lair:6   | Received a gift from Okawaru
 24902 | Lair:6   | Noticed an entropy weaver
 24914 | Lair:6   | Killed an entropy weaver
 25033 | Lair:6   | Noticed an entropy weaver
 27090 | Lair:4   | Killed an entropy weaver
 27250 | Lair:6   | Reached skill level 23 in Bows
 27913 | Lair:6   | Received a gift from Okawaru
 28146 | Lair:6   | Reached XP level 14. HP: 128/130 MP: 14/14
 28159 | Lair:6   | Found a staircase to the Slime Pits.
 28666 | Lair:6   | Found a burning altar of Makhleb.
 29133 | Lair:6   | Found a gateway to Hell.
 29326 | D:12     | Found a runed translucent door.
 29326 | D:12     | Noticed Delamore's ghost (novice HOFi)
 29405 | D:12     | Found Qaemad's Book Shoppe.
 29501 | D:12     | Found a flagged portal.
 29604 | Bailey   | Entered a bailey
 30114 | D:12     | Found a frozen archway.
 31370 | D:12     | Identified the cursed +0 buckler of the Volcano {-Tele +Fly
                  | rCorr}
 31474 | D:12     | Reached skill level 24 in Bows
 31710 | D:12     | Found a staircase to the Orcish Mines.
 31906 | D:12     | Found a hazy altar of Hepliaklqana.
 32226 | D:12     | Killed Delamore's ghost
 32226 | D:12     | Received a gift from Okawaru
 32265 | D:12     | Got an ichor-stained plate armour
 32268 | D:12     | Identified the +7 plate armour "Disur" {rC+} (You found it
                  | on level 12 of the Dungeon)
 32301 | D:13     | Noticed Erolcha
 32357 | D:13     | Noticed Jorgrun
 32679 | D:12     | HP: 2/133 [Jorgrun/iron shot (31)]
 32704 | D:12     | Killed from afar by Jorgrun

Levels and vault maps discovered:
D:1:      psy_arrival_fountain, layout_loops_ring
D:2:      layout_basic, marbit_many_paths, overflow_temple_1_default
D:3:      corexii_shack_village, layout_loops_ring, uniq_sigmund, uniq_grinder
D:4:      layout_cave_pods, ebering_dispersal_statue_hall
D:5:      layout_loops_ring, nicolae_dithmenos_through_a_glass_darkly,
          basic_altar, serial_shops, nicolae_shop_waterfront, first_ration
D:6:      layout_loops_cross, slow_altar_2, kiku_gazebo_garden_becter,
          minmay_temple_entry_sparse_star, uniq_eustachio, uniq_prince_ribbit1,
          uniq_menkaure, uniq_duvessa
D:7:      layout_cave_pods, basic_altar, the_bakery
D:8:      layout_basic, okawaru_gym_becter, ebering_ghost_gozag,
          nicolae_ossuary_entry_giza, trog_hazing_becter, uniq_joseph
D:9:      layout_cave_pools, nicolae_ru_great_annihilating_truth,
          nicolae_overflow_hidden_temple
D:10:     layout_loops_ring, dpeg_stationary_puzzle, uniq_josephine
D:11:     layout_rooms, lair_entry_dummy, gauntlet_entry_generic,
          minmay_misc_feat_four_crosses, uniq_snorg, uniq_fannar
D:12:     layout_rooms, erik_orc_1, basic_altar, gammafunk_ghost_grave,
          portal_ice_cave_entry_ice_beasts, enter_bailey_3, serial_shops, shop,
          eino_tiny_chamber, kennysheep_dice
D:13:     layout_stronghold, lightli_vaults_fourway_checkpoint, uniq_erolcha,
          uniq_jorgrun, uniq_azrael, uniq_urug
Temple:   cyrus_circular_temple
Lair:1:   layout_regular_city, nicolae_quartered_pool_medium, lemuel_fruit_tree
Lair:2:   layout_regular_city, minmay_shoals_entry_centaurs,
          guppyfry_snake_entry_garden, basic_altar
Lair:3:   layout_loops_ring, ebering_ghost_inner_flame, basic_altar
Lair:4:   layout_cave_pods
Lair:5:   layout_long_grid, st_stairs_5
Lair:6:   evil_forest, layout_gridlike, dpeg_slime_entry_corner, special_room
          [special_room_mythical_zoo], columned_hall_lemuel,
          chequers_serial_rivers_micro_e, minivault_29, serial_bayou_shore_a

Skill      XL: |  1  2  3  4  5  6  7  8  9 10 11 12 13 14 |
---------------+-------------------------------------------+-----
Bows           | 6 7 8 9 11 13 15 17 19 21 23 24 | 24.1
Fighting       | 3 4 5 7 8 10 11 12 13 14 | 14.5
Armour         | |  0.5
Dodging        | |  1.6
Stealth        | |  0.4

Action                   |  1- 3 |  4- 6 |  7- 9 | 10-12 | 13-15 || total
-------------------------+-------+-------+-------+-------+-------++-------
Melee: Short sword       |    32 |   204 |   469 |   100 |       ||   805
       Kick              |    10 |    39 |   118 |    48 |    26 ||   241
       Flail             |       |    10 |       |       |       ||    10
       Great sword       |       |       |       |    48 |    74 ||   122
       Shortbow          |       |       |       |     1 |       ||     1
 Fire: Shortbow          |    21 |    64 |   215 |   857 |  1286 ||  2443
Throw: Boomerang         |       |     4 |    14 |    10 |    12 ||    40
Evoke: Wand              |       |       |       |     5 |     2 ||     7
  Use: Scroll            |       |     5 |     2 |     9 |    13 ||    29
       Potion            |       |       |     1 |     1 |     5 ||     7
 Stab: Paralysed         |       |       |       |     1 |       ||     1
  Eat: Chunk             |       |     9 |    13 |    10 |     8 ||    40
       Ration            |       |       |     3 |     4 |     7 ||    14
Armor: Leather armour    |    16 |    36 |       |       |       ||    52
       Plate armour      |       |   101 |   340 |   122 |   241 ||   804
Dodge: Dodged            |    16 |    64 |   169 |   175 |   235 ||   659
       Rpst.: Great sword |       |       |       |    10 |    16 ||    26
